 Dungeon Crawl Stone Soup version 0.18-a0-900-gbbf5c82 (webtiles) character file.

1949 dvd the Chiller (level 9, -1/53 HPs)
             Began as an Octopode Ice Elementalist on Dec 24, 2015.
             Killed by divine providence
             ... invoked by an orc priest
              (9 damage)
             ... on level 6 of the Dungeon.
             The game lasted 00:35:14 (8516 turns).

dvd the Chiller (Octopode Ice Elementalist)         Turns: 8516, Time: 00:35:14

Health: -1/53      AC:  8    Str:  7    XL:     9   Next: 18%
Magic:  12/18      EV: 14    Int: 22    God:
Gold:   261        SH:  7    Dex: 14    Spells: 5 memorised, 6 levels left

rFire  + . .     SeeInvis +     a - +3 dagger of Doom {pain, rElec Int+5}
rCold  . . .     Gourm    +     (no shield)
rNeg   . . .     Faith    .     (helmet restricted)
rPois  .         Spirit   .     w - amulet of the gourmand
rElec  +         Dismiss  .     o - ring of see invisible
rCorr  .         Reflect  .     E - ring of wizardry
SustAt .         Harm     .     C - ring of stealth
MR     .....                    (no ring)
Stlth  +++++.....               (no ring)
                                (no ring)
                                (no ring)
                                (no ring)

@: icy armour, icy shield, not resistant to hostile enchantments, quite stealthy
A: almost no armour, amphibious, 8 rings, constrict 8, camouflage 1, blurry
vision 1, dopey 1, fire resistance 1, mutation resistance 1, sense surroundings
1, screaming 1, gelatinous body 1
a: no special abilities


You were on level 6 of the Dungeon.
You were very full.

You visited 1 branch of the dungeon, and saw 6 of its levels.

You collected 261 gold pieces.

Inventory:

Hand Weapons
 a - the +3 dagger of Doom (weapon) {pain, rElec Int+5}
   (You found it on level 5 of the Dungeon)

   In the hands of one skilled in necromantic magic, it inflicts extra damage on
   living creatures.
   It affects your intelligence (+5).
   It insulates you from electricity.
 b - a +0 hunting sling
 q - a +0 whip of freezing
Missiles
 c - 30 arrows of flame
 f - 75 sling bullets
 g - 22 sling bullets of frost
 m - 64 arrows
 t - 11 tomahawks
 y - 168 stones
 A - 5 javelins (quivered)
Jewellery
 o - a ring of see invisible (left tentacle)
 p - an uncursed amulet of faith
 w - an amulet of the gourmand (around mantle)
 C - a ring of stealth (on tentacle)
 E - a ring of wizardry (right tentacle)
Wands
 l - a wand of fireball (9/15)
 v - a wand of polymorph (18/24)
 z - a wand of lightning (0/15)
Scrolls
 e - 3 scrolls of amnesia
 h - 4 scrolls of remove curse
 j - a scroll of identify
 r - 2 scrolls of blinking
 D - a scroll of magic mapping
Potions
 d - a potion of haste
 n - 3 potions of brilliance
Books
 k - a book of Frost

   Spells                             Type                      Level
   a - Freeze                         Ice                          1
   b - Throw Frost                    Conjuration/Ice              2
   c - Ozocubu's Armour               Charms/Ice                   3
   d - Throw Icicle                   Conjuration/Ice              4
   e - Summon Ice Beast               Ice/Summoning                4
   f - Condensation Shield            Ice                          4
Comestibles
 i - 6 meat rations
 s - 2 chunks of flesh
 u - 3 bread rations
 x - 4 slices of pizza
 B - 2 beef jerkies


   Skills:
 + Level 1.2 Fighting
 + Level 0.4 Short Blades
 + Level 0.6(2.6) Slings
 + Level 4.1(4.2) Throwing
 + Level 3.9 Dodging
 + Level 4.5 Stealth
 + Level 6.3 Spellcasting
 + Level 2.8 Conjurations
 + Level 1.7 Charms
 + Level 6.9 Ice Magic
 + Level 0.2 Evocations


You had 6 spell levels left.
You knew the following spells:

 Your Spells              Type           Power        Failure   Level  Hunger
a - Freeze                Ice            ####         1%          1    None
b - Throw Frost           Conj/Ice       ####..       1%          2    None
c - Ozocubu's Armour      Chrm/Ice       ####....     2%          3    #......
d - Condensation Shield   Ice            #####.....   3%          4    ###....
e - Throw Icicle          Conj/Ice       ####....     6%          4    ###....


Dungeon Overview and Level Annotations

Branches:
Dungeon (6/15)
 Temple: D:4-7

Altars:
Fedhas
Qazlal


Innate Abilities, Weirdness & Mutations

You cannot wear most types of armour.
You are amphibious.
You can wear up to eight rings at the same time.
You can use your tentacles to constrict eight enemies at once.
Your skin changes colour to match your surroundings (Stealth).
Your rubbery body absorbs attacks (AC +1).
Scrolls take you a little longer to read.
You are dopey. (Int -2)
Your flesh is heat resistant.
You are somewhat resistant to further mutation.
You passively map a small area around you.
You occasionally shout uncontrollably at your foes.


Message History

The giant frog skeleton hits you. The orc closely misses you.
The giant frog skeleton closely misses you.
You hit the orc but do no damage. You grab the orc. You constrict the orc.
You block the giant frog skeleton's attack.
You hit the orc.
You kill the orc!
The giant frog skeleton closely misses you.
You hit the orc warrior but do no damage.
Your grab misses the orc warrior. Your squeeze misses the orc warrior.
The giant frog skeleton closely misses you.
The orc warrior hits you with a dire flail!!
Ouch! That really hurt!
* * * LOW HITPOINT WARNING * * *
You block the giant frog skeleton's attack.
Read which item? (? for menu, Esc to quit)
Really read with blurry vision while enemies are nearby?
Okay, then.
The orc priest calls down the wrath of Beogh upon you.
Something smites you!
You die...

* #......## #..#
........# #..# *
#....### #..## ##
#.....## #...# ##.
##...oo.## ##.[##
##.. #....)...##
##..####...
#...####.o.#
##...#.... *#...#
#.Z.## ##.......
#...# ##.@.##
#....... #..#
#....#######.....##
#.. *
##..............##
, #.......)......##
* #.(#######......#
, * *#### ##.....#
* , ##.#...# * , ,
,, , , #.#...## ,,,
, #.#..##


You could see an orc warrior, an orc priest, an orc and a giant frog skeleton.

Vanquished Creatures
  Pikel (D:5)
  Eustachio (D:6)
  The ghost of dvd the Chiller, an amateur OpIE of Cheibriados (D:5)
  A slave (D:5)
  4 ogres
  A giant frog (D:6)
  Blork the orc (D:4)
  2 scorpions (D:4)
  2 orc priests
  A crimson imp (D:5)
  2 hounds (D:5)
  A giant frog skeleton (D:4)
  An iguana (D:5)
  5 worker ants
  2 orc wizards
  Terence (D:3)
  Robin (D:3)
  7 gnolls
  7 adders
  An ooze (D:6)
  An adder zombie (D:5)
  4 worms (D:3)
  16 orcs
  A ball python (D:3)
  10 bats
  4 giant cockroaches
  22 goblins
  22 hobgoblins
  2 quokkas
  A ball python skeleton (D:6)
  3 giant geckos
  3 giant newts
  17 jackals
  A jackal skeleton (D:4)
  8 kobolds
  3 rats
161 creatures vanquished.

Notes
Turn   | Place    | Note
--------------------------------------------------------------
     0 | D:1      | dvd the Octopode Ice Elementalist began the quest for the Orb.
     0 | D:1      | Reached XP level 1. HP: 11/11 MP: 3/3
   195 | D:1      | Reached XP level 2. HP: 7/17 MP: 0/5
   460 | D:1      | Learned a level 2 spell: Throw Frost
   963 | D:2      | Found a stormy altar of Qazlal.
   977 | D:2      | Reached XP level 3. HP: 21/21 MP: 2/6
  1059 | D:2      | Found a blossoming altar of Fedhas.
  1095 | D:2      | Learned a level 1 spell: Freeze
  1099 | D:2      | Learned a level 3 spell: Ozocubu's Armour
  1820 | D:3      | Reached XP level 4. HP: 3/27 MP: 0/7
  2175 | D:3      | Reached skill level 4 in Ice Magic
  2281 | D:3      | Noticed Robin
  2292 | D:3      | Killed Robin
  2867 | D:3      | Reached XP level 5. HP: 31/31 MP: 9/9
  2961 | D:3      | Reached skill level 1 in Throwing
  3404 | D:3      | Noticed Terence
  3416 | D:3      | Killed Terence
  4356 | D:4      | Reached XP level 6. HP: 26/36 MP: 8/11
  4483 | D:5      | Entered Level 5 of the Dungeon
  4802 | D:5      | Got a scorched dagger
  4807 | D:5      | Reached skill level 5 in Ice Magic
  4807 | D:5      | Reached XP level 7. HP: 22/42 MP: 4/13
  4813 | D:5      | Learned a level 4 spell: Condensation Shield
  4813 | D:5      | Identified the +3 dagger of Doom {pain, rElec Int+5} (You found it on level 5 of the Dungeon)
  5632 | D:4      | Reached skill level 1 in Fighting
  6423 | D:4      | Gained mutation: You are somewhat resistant to further mutation. [potion of beneficial mutation]
  6427 | D:4      | Gained mutation: You occasionally shout uncontrollably at your foes. [potion of mutation]
  6427 | D:4      | Gained mutation: You are dopey. (Int -2) [potion of mutation]
  6428 | D:4      | Gained mutation: Your flesh is heat resistant. [potion of mutation]
  6429 | D:4      | Gained mutation: You passively map a small area around you. [potion of mutation]
  6429 | D:4      | Gained mutation: Scrolls take you a little longer to read. [potion of mutation]
  6752 | D:4      | Reached XP level 8. HP: 48/48 MP: 3/14
  6924 | D:4      | Noticed Blork the orc
  6938 | D:4      | Killed Blork the orc
  7170 | D:5      | Noticed dvd's ghost (amateur OpIE)
  7184 | D:5      | Killed dvd's ghost
  7184 | D:5      | Reached skill level 5 in Spellcasting
  7184 | D:5      | Reached skill level 6 in Ice Magic
  7208 | D:5      | Reached skill level 1 in Charms
  7420 | D:5      | Noticed Pikel
  7442 | D:5      | Killed Pikel
  7442 | D:5      | Reached XP level 9. HP: 12/53 MP: 1/18
  8120 | D:6      | Learned a level 4 spell: Throw Icicle
  8370 | D:6      | Noticed Eustachio
  8383 | D:6      | Killed Eustachio
  8516 | D:6      | Killed from afar by an orc priest

Vault maps used:
D:1:      elethiomel_arrival_infinity_welcomes_careful_drivers, minmay_bisected
D:2:      kennysheep_big_flooded_room, old_standard_altar,
          overflow_temple_1_default
D:3:      first_bread, uniq_robin, uniq_terence
D:4:      corexii_shantytown, minmay_curled_crystal, minmay_misc_feat_ornament,
          hangedman_decor_peaks_small, uniq_blork_the_orc
D:5:      serial_glass, glass_columns_c, glass_columns_b, glass_columns_a,
          glass_columns_b, glass_columns_a, uniq_pikel
D:6:      minmay_temple_entry_from_below_a, uniq_eustachio

Action                   |  1- 3 |  4- 6 |  7- 9 || total
-------------------------+-------+-------+-------++-------
Melee: Unarmed           |     4 |       |       ||     4
       Dagger            |     8 |    17 |    74 ||    99
       Short sword       |       |    11 |       ||    11
 Fire: Hunting sling     |       |       |     7 ||     7
Throw: Javelin           |       |    72 |    32 ||   104
       Tomahawk          |       |     8 |    14 ||    22
 Cast: Freeze            |    34 |    43 |    54 ||   131
       Throw Frost       |    15 |    27 |    41 ||    83
       Ozocubu's Armour  |       |     4 |    18 ||    22
       Condensation Shie |       |       |     2 ||     2
       Throw Icicle      |       |       |     1 ||     1
Evoke: Wand              |       |       |     2 ||     2
  Use: Scroll            |     6 |     3 |     4 ||    13
       Potion            |       |     3 |     9 ||    12
 Stab: Sleeping          |     7 |     2 |    10 ||    19
  Eat: Chunk             |    16 |    10 |    13 ||    39
